 Dungeon Sprint DCSS version 0.27-a0-1193-g8631133539 (webtiles) character file.

Game seed: 17845140356247920308

54195 rocky1 the Peltast (level 15, -17/136 HPs)
             Began as a Formicid Fighter on May 26, 2021.
             Was the Champion of Okawaru.
             Killed from afar by a fire dragon (27 damage)
             ... with a blast of flame
             ... in the Dungeon (Sprint IX: "|||||||||||||||||||||||||||||").
             The game lasted 00:21:14 (4083 turns).

rocky1 the Peltast (Formicid Fighter)               Turns: 4083, Time: 00:21:16

Health: -17/136    AC: 22    Str: 31    XL:     15   Next: 13%
Magic:  0/22       EV: 16    Int: 10    God:    Okawaru [******]
Gold:   105        SH: 17    Dex: 13    Spells: 14/14 levels left

rFire    . . .     SeeInvis +   k - +7 Screaming Sword {vorpal, sonic wave}
rCold    + . .     Faith    .   c - +0 kite shield
rNeg     . . .     Spirit   +   l - +2 chain mail {rC+}
rPois    .         Reflect  .   (helmet unavailable)
rElec    .         Harm     .   r - +0 cloak
rCorr    .         Rampage  .   m - +0 pair of gloves
Will     +....                  n - +1 pair of boots
Stlth    ..........             w - amulet of guardian spirit
HPRegen  0.32/turn              B - +6 ring of strength
MPRegen  0.18/turn              o - +3 ring of dexterity

@: no status effects
A: permanent stasis, dig shafts and tunnels, antennae 3, four strong arms
a: Dig, Renounce Religion, Heroism, Finesse


You were in the Dungeon.
You worshipped Okawaru.
Okawaru was exalted by your worship.
You visited 1 branch You collected 1930 gold pieces.
You spent 1825 gold pieces at shops.

Inventory:

Hand Weapons
 b - a +7 executioner's axe of freezing
 k - the +7 Screaming Sword (weapon) {vorpal, sonic wave}
   (You found it in the Dungeon)

   It inflicts extra damage upon your enemies.
 v - a +0 vampiric demon blade
Missiles
 d - a curare-tipped dart
 F - 2 silver javelins
Armour
 c - a +0 kite shield (worn)
 l - a +2 chain mail of cold resistance (worn)
 m - a +0 pair of gloves (worn)
 n - a +1 pair of boots (worn)
 r - a +0 cloak (worn)
 D - a +4 chain mail of positive energy
Jewellery
 o - a +3 ring of dexterity (right hand)
 w - an amulet of guardian spirit (around neck)
 B - a +6 ring of strength (left hand)
 C - a ring of willpower
 E - a ring of willpower
Wands
 j - a wand of iceblast (10)
 q - a wand of polymorph (8)
Scrolls
 a - 3 scrolls of identify
 i - 2 scrolls of amnesia
 s - 5 scrolls of enchant armour
 t - 2 scrolls of fog
 u - 6 scrolls of enchant weapon
 y - 2 scrolls of fear
Potions
 e - 7 potions of curing
 f - 4 potions of heal wounds
 g - 4 potions of magic
 h - a potion of invisibility
 p - 3 potions of brilliance
 x - 4 potions of might
 z - 2 potions of mutation
 A - a potion of resistance


   Skills:
 + Level 17.9 Fighting
 - Level 16.0 Long Blades
 + Level 9.1 Axes
 + Level 17.8 Armour
 + Level 15.1 Dodging
 + Level 19.3 Shields
 - Level 10.3 Invocations
 + Level 13.2 Evocations


You had 14 spell levels left.
You didn't know any spells.
Your spell library was empty.

Dungeon Overview and Level Annotations

Branches:
Dungeon (1/1)

Altars:
Cheibriados
Dithmenos
Elyvilon
Fedhas
Gozag
Hepliaklqana
Kikubaaqudgha
Makhleb
Nemelex Xobeh
Okawaru
Qazlal
Ru
Sif Muna
Trog
Uskayaw
Vehumet
Wu Jian
Xom
Yredelemnul
Zin
The Shining One
Beogh
Jiyva
Lugonu

Shops:
D ?*!=


Innate Abilities, Weirdness & Mutations

You cannot be hasted, slowed, berserked, paralysed or teleported.
You can dig through walls and to a lower floor.
You have a pair of large antennae on your head. (SInv)
Your four strong arms can wield two-handed weapons with a shield.


Message History

The fire dragon, the deep troll earth mage and the stone giant are blasted.
The fire dragon is moderately wounded.
The deep troll earth mage is heavily wounded.
The stone giant is almost dead. x2
The stone giant hits you!
You slice the stone giant like a ripe choko!!!
You kill the stone giant!
Okawaru is honoured by your kill. Something appears at your feet!
You see here a +2 vampiric hand axe.
Okawaru grants you a weapon!
Your Axes skill increases to level 9!
A fire dragon comes into view.
The fire dragon roars deafeningly!
The deep troll earth mage bites you!
You block the deep troll earth mage's attack.
The deep troll earth mage claws you but does no damage.
A fire dragon comes into view.
You see here 4 large rocks.
The fire dragon roars deafeningly!
You slash the deep troll earth mage!
The Singing Sword bellows, "I AM AN AVATAR OF BLOOD!"
You send a blast of sound all around you.
The fire dragons and the deep troll earth mage are blasted.
The fire dragon is moderately wounded. x2
The fire dragon is heavily wounded.
You kill the deep troll earth mage!
Okawaru accepts your kill. The fire dragon breathes flames at you.
The blast of flame hits you!!!
* * * LOW HITPOINT WARNING * * *
A stone giant comes into view.
The stone giant shouts!
A fire giant comes into view.
It is wielding a +0 great sword of flaming.
The fire dragon breathes flames at you.
The blast of flame hits the fire dragon!
The fire dragon resists.
The blast of flame hits you!!
* * * LOW HITPOINT WARNING * * *
The fire dragon breathes flames at you. The blast of flame hits you!!
You die...

÷▓.▓)▓.▓.▓.▓.▓.▓{*,*,*,*,*,*,*,*,
†▓.▓)▓.▓[▓.▓.▓.▓.▓,*,*,*,*,*,*,*,
÷▓.▓)▓.▓[▓.▓.▓.▓C▓,*,*,*,*,*,*,*,
.▓.▓)▓.▓[▓.▓.▓.▓C▓,*,*,*,*,*,*,*,
.▓†▓[▓.▓[▓.▓.▓.▓D▓,*,*,*,*,*,*,*,
.▓.▓[▓.▓[▓.▓.▓.▓D▓,*,*,*,*,*,*,*,
.▓.▓.▓.▓[▓.▓)▓.▓.▓,*,*,*,*,*,*,*,
.▓.▓.▓.▓[▓.▓'▓.▓D▓,*,*,*,*,*,*,*,
÷▓.▓)▓.▓[▓.▓.▓.▓@▓,*,*,*,*,*,*,*,
÷▓.▓)▓.▓.▓.▓.▓.▓.▓,*,*,*,*,*,*,*,
.▓.▓)▓.▓)▓.▓.▓.▓(▓,*,*,*,*,*,*,*,
÷▓.▓.▓.▓)▓.▓.▓.▓)▓,*,*,*+*,*,*,*,
.▓.▓)▓.▓)▓.▓)▓.▓†▓,*,*,*,*,*,*,*,
.▓.▓)▓.▓)▓.▓)▓.▓(▓,*,*,*,*,*,*,*,
?▓.▓[▓.▓)▓.▓)▓.▓)▓,*,*,*,*,*,*,*,
.▓.▓)▓.▓)▓.▓)▓.▓'▓,*,*,*,*,*,*,*,
.▓.▓)▓.▓)▓.▓)▓.▓.▓,*,*,*,*,*,*,*,


You could see a fire giant, 3 fire dragons and a stone giant.

Vanquished Creatures
  Gastronok (D)
  Donald (D)
  A thorn hunter (D)
  Agnes (D)
  A ghost moth (D)
  3 very ugly things (D)
  3 stone giants (D)
  A vampire knight (D)
  2 dire elephants (D)
  A spark wasp (D)
  A merfolk impaler (D)
  A great orb of eyes (D)
  A spriggan air mage (D)
  3 ice dragons (D)
  2 hydras (D)
  An alligator (D)
  A ghost crab (D)
  2 centaur warriors (D)
  A two-headed ogre (D)
  A vampire mage (D)
  A death knight (D)
  A deep troll earth mage (D)
  A spriggan berserker (D)
  A death yak (D)
  2 shock serpents (D)
  A hell knight (D)
  A salamander mystic (D)
  2 glowing orange brains (D)
  An orb spider (D)
  2 deep elf pyromancers (D)
  A mana viper (D)
  An ugly thing (D)
  4 wolf spiders (D)
  9 orc knights (D)
  An orc sorcerer (D)
  3 manticores (D)
  2 cyclopes (D)
  2 merfolk sirens (D)
  6 elephants (D)
  6 black mambas (D)
  Maurice (D)
  A water nymph (D)
  An unseen horror (D)
  2 komodo dragons (D)
  A cane toad (D)
  A demonic crawler (D)
  A tengu conjurer (D)
  2 merfolk (D)
  A snapping turtle (D)
  2 slime creatures (D)
  2 redbacks (D)
  A wraith (D)
  A wyvern (D)
  A tarantella (D)
  4 yaks (D)
  A basilisk (shapeshifter) (D)
  3 basilisks (D)
  4 water moccasins (D)
  13 orc warriors (D)
  A centaur (D)
  A kobold brigand (D)
  A bullfrog (D)
  2 scorpions (D)
  3 orc priests (D)
  An iguana (D)
  2 orc wizards (D)
  10 orcs (D)
  A giant cockroach (D)
  A hobgoblin (D)
  A ball python zombie (D)
  A bat (D)
  A giant cockroach zombie (D)
  2 kobolds (D)
  A quokka skeleton (D)
  A briar patch (D)
150 creatures vanquished.

Vanquished Creatures (others)
  An eleionoma (D)
  An alligator (D)
  A goliath frog (D)
  A swamp dragon (D)
  A will-o-the-wisp (D)
5 creatures vanquished.

Grand Total: 155 creatures vanquished

Notes
Turn   | Place    | Note
-------+----------+-------------------------------------------
     0 | D        | rocky1 the Formicid Fighter began the quest for the Orb.
     0 | D        | Reached XP level 1. HP: 18/18 MP: 1/1
    10 | D        | Reached skill level 4 in Shields
    77 | D        | Noticed an iguana
    77 | D        | Noticed a scorpion
    77 | D        | Noticed a scorpion
    86 | D        | Killed a scorpion
    87 | D        | Reached skill level 5 in Shields
    87 | D        | Reached XP level 2. HP: 15/26 MP: 2/2
    87 | D        | Reached XP level 3. HP: 18/31 MP: 3/3
    87 | D        | Reached XP level 4. HP: 23/38 MP: 4/4
    91 | D        | Killed a scorpion
    92 | D        | Reached skill level 5 in Fighting
    92 | D        | Reached skill level 5 in Long Blades
    92 | D        | Reached skill level 5 in Armour
    92 | D        | Reached skill level 6 in Shields
    92 | D        | Reached XP level 5. HP: 21/44 MP: 5/5
   100 | D        | Reached skill level 7 in Shields
   357 | D        | Found a snail-covered altar of Cheibriados.
   357 | D        | Found a shadowy altar of Dithmenos.
   357 | D        | Found a white marble altar of Elyvilon.
   357 | D        | Found a blossoming altar of Fedhas.
   357 | D        | Found an opulent altar of Gozag.
   358 | D        | Found a hazy altar of Hepliaklqana.
   359 | D        | Found a viscous altar of Jiyva.
   360 | D        | Found an ancient bone altar of Kikubaaqudgha.
   361 | D        | Found a corrupted altar of Lugonu.
   362 | D        | Found a burning altar of Makhleb.
   363 | D        | Found a sparkling altar of Nemelex Xobeh.
   364 | D        | Found an iron altar of Okawaru.
   365 | D        | Found a stormy altar of Qazlal.
   366 | D        | Found a sacrificial altar of Ru.
   367 | D        | Found a shimmering blue altar of Sif Muna.
   368 | D        | Found a bloodstained altar of Trog.
   369 | D        | Found a hide-covered altar of Uskayaw.
   370 | D        | Found a radiant altar of Vehumet.
   371 | D        | Found an ornate altar of the Wu Jian Council.
   372 | D        | Became a worshipper of Warmaster Okawaru
   373 | D        | Found a shimmering altar of Xom.
   374 | D        | Found a basalt altar of Yredelemnul.
   375 | D        | Found a glowing silver altar of Zin.
   376 | D        | Found a glowing golden altar of the Shining One.
   385 | D        | Found the +7 Singing Sword {vorpal, sonic wave}
   452 | D        | Noticed a centaur
   452 | D        | Noticed a kobold brigand
   452 | D        | Noticed an unseen horror
   452 | D        | Noticed a wraith
   452 | D        | Noticed a two-headed ogre
   456 | D        | Killed a two-headed ogre
   456 | D        | Reached * piety under Okawaru
   456 | D        | Reached ** piety under Okawaru
   456 | D        | Reached *** piety under Okawaru
   457 | D        | Reached skill level 9 in Shields
   457 | D        | Reached XP level 6. HP: 38/56 MP: 5/10
   457 | D        | Reached XP level 7. HP: 42/62 MP: 5/11
   457 | D        | Reached XP level 8. HP: 46/68 MP: 5/12
   458 | D        | Killed a wraith
   458 | D        | Reached **** piety under Okawaru
   462 | D        | Killed an unseen horror
   463 | D        | Reached skill level 10 in Shields
   474 | D        | Noticed a basilisk
   474 | D        | Noticed a centaur warrior
   474 | D        | Noticed a cyan ugly thing
   474 | D        | Noticed a slime creature
   474 | D        | Noticed a deep elf pyromancer
   474 | D        | Noticed a death knight
   478 | D        | HP: 1/71 [death knight/+3 battleaxe (25)]
   483 | D        | Killed a death knight
   484 | D        | Reached XP level 9. HP: 23/78 MP: 8/15
   484 | D        | Killed a deep elf pyromancer
   484 | D        | Reached ***** piety under Okawaru
   485 | D        | Reached skill level 10 in Fighting
   485 | D        | Reached skill level 10 in Armour
   485 | D        | Reached skill level 11 in Shields
   486 | D        | Killed a slime creature
   487 | D        | Killed a cyan ugly thing
   488 | D        | Reached skill level 10 in Long Blades
   488 | D        | Reached XP level 10. HP: 11/86 MP: 9/17
   489 | D        | Killed a centaur warrior
   490 | D        | Reached skill level 12 in Shields
   490 | D        | Reached skill level 10 in Invocations
   925 | D        | Noticed a cane toad
   925 | D        | Noticed a black mamba
   928 | D        | Killed a cane toad
   929 | D        | Killed a black mamba
   929 | D        | Received a gift from Okawaru
   934 | D        | Reached ****** piety under Okawaru
   934 | D        | Noticed a komodo dragon
   941 | D        | Killed a komodo dragon
  1156 | D        | Noticed a death yak
  1158 | D        | Reached skill level 13 in Shields
  1158 | D        | Reached XP level 11. HP: 95/95 MP: 18/18
  1168 | D        | Killed a death yak
  1169 | D        | Reached skill level 10 in Dodging
  1370 | D        | Noticed a dire elephant
  1370 | D        | Noticed an elephant
  1370 | D        | Noticed an elephant
  1370 | D        | Noticed an elephant
  1371 | D        | Noticed an elephant
  1376 | D        | Killed an elephant
  1376 | D        | Received a gift from Okawaru
  1376 | D        | Killed an elephant
  1376 | D        | Killed an elephant
  1376 | D        | Noticed a dire elephant
  1378 | D        | Killed an elephant
  1379 | D        | Reached skill level 14 in Shields
  1380 | D        | Killed a dire elephant
  1380 | D        | Noticed an elephant
  1381 | D        | Noticed an elephant
  1384 | D        | Killed a dire elephant
  1387 | D        | Killed an elephant
  1387 | D        | Received a gift from Okawaru
  1389 | D        | Killed an elephant
  1390 | D        | Reached XP level 12. HP: 65/105 MP: 19/19
  1564 | D        | Noticed Maurice
  1569 | D        | Killed Maurice
  1570 | D        | Reached skill level 1 in Evocations
  1586 | D        | Noticed Gastronok
  1597 | D        | Killed Gastronok
  1598 | D        | Reached skill level 15 in Shields
  1870 | D        | Received a gift from Okawaru
  2031 | D        | Found Cibir's Jewellery Boutique.
  2039 | D        | Reached skill level 5 in Evocations
  2039 | D        | Found Tafurr's Distillery.
  2044 | D        | Found Eteoryeg's Assorted Antiques.
  2046 | D        | Found Isoss's Magic Scroll Shop.
  2075 | D        | Reached skill level 16 in Shields
  2385 | D        | Bought a potion of curing for 30 gold pieces
  2385 | D        | Bought a potion of curing for 30 gold pieces
  2385 | D        | Bought a potion of mutation for 80 gold pieces
  2385 | D        | Bought a potion of heal wounds for 50 gold pieces
  2385 | D        | Bought a potion of mutation for 80 gold pieces
  2385 | D        | Bought a potion of might for 40 gold pieces
  2385 | D        | Bought a potion of resistance for 100 gold pieces
  2389 | D        | Bought a potion of might for 80 gold pieces
  2389 | D        | Bought a scroll of enchant weapon for 150 gold pieces
  2389 | D        | Bought a scroll of enchant weapon for 150 gold pieces
  2391 | D        | Bought a scroll of fear for 42 gold pieces
  2391 | D        | Bought a scroll of magic mapping for 42 gold pieces
  2391 | D        | Bought a scroll of enchant armour for 90 gold pieces
  2391 | D        | Bought a scroll of fear for 42 gold pieces
  2400 | D        | Bought a +6 ring of strength for 819 gold pieces
  2685 | D        | Noticed a five-headed hydra
  2689 | D        | Reached XP level 13. HP: 103/114 MP: 17/20
  2690 | D        | Noticed a centaur warrior
  2694 | D        | Reached skill level 15 in Fighting
  2695 | D        | Reached skill level 15 in Armour
  2695 | D        | Killed a seven-headed hydra
  2700 | D        | Killed a centaur warrior
  2700 | D        | Identified the +4 shortbow "Yfirouli" {vorpal, *Slow rN+
                  | Str+4} (Okawaru gifted it to you in the Dungeon)
  2700 | D        | Received a gift from Okawaru
  2701 | D        | Noticed an ice dragon
  2704 | D        | Noticed a great orb of eyes
  2718 | D        | Killed an ice dragon
  2720 | D        | Noticed a stone giant
  2721 | D        | Killed a great orb of eyes
  2734 | D        | Killed a stone giant
  2735 | D        | Reached skill level 17 in Shields
  2933 | D        | Noticed Agnes
  2938 | D        | Killed Agnes
  2938 | D        | Received a gift from Okawaru
  2980 | D        | Noticed Donald
  2993 | D        | Killed Donald
  2994 | D        | Reached skill level 1 in Axes
  3108 | D        | Noticed a merfolk impaler
  3120 | D        | Reached skill level 15 in Long Blades
  3120 | D        | Reached skill level 10 in Evocations
  3122 | D        | Killed a merfolk impaler
  3131 | D        | Reached XP level 14. HP: 43/125 MP: 7/21
  3413 | D        | Noticed a ghost moth
  3422 | D        | Killed a ghost moth
  3427 | D        | Received a gift from Okawaru
  3555 | D        | Reached skill level 5 in Axes
  3555 | D        | Reached skill level 18 in Shields
  3557 | D        | Noticed a thorn hunter
  3570 | D        | Killed a thorn hunter
  3728 | D        | Received a gift from Okawaru
  4052 | D        | Noticed a vampire knight
  4052 | D        | Noticed a purple very ugly thing
  4052 | D        | Noticed a stone giant
  4052 | D        | Noticed a spark wasp
  4053 | D        | Noticed a cyan very ugly thing
  4058 | D        | Killed a spark wasp
  4062 | D        | Killed a stone giant
  4062 | D        | Received a gift from Okawaru
  4064 | D        | Killed a purple very ugly thing
  4065 | D        | Noticed a red very ugly thing
  4067 | D        | Killed a vampire knight
  4067 | D        | Killed a brown very ugly thing
  4068 | D        | Reached skill level 19 in Shields
  4068 | D        | Noticed a stone giant
  4074 | D        | Killed a red very ugly thing
  4075 | D        | Reached skill level 15 in Dodging
  4075 | D        | Reached XP level 15. HP: 85/135 MP: 13/22
  4079 | D        | Killed a stone giant
  4079 | D        | Received a gift from Okawaru
  4082 | D        | Noticed a stone giant
  4083 | D        | Noticed a fire giant
  4083 | D        | Killed from afar by a fire dragon

Illustrated notes

Levels and vault maps discovered:
D:        linesprint [early_d, line_temple, items_1, d_10, items_2, lair_1,
          lair_end, items_3, orc_1, orc_end, items_4, d_15, swamp_1, shoals_1,
          snake_1, spider_1, d_20, vaults_1, items_5, swamp_end, shoals_end,
          snake_end, spider_end, vaults_end, d_27, items_6, zot_1, zot_end,
          crypt_end, forest_end, elf_end, slime_end, tomb_end, abyss_end,
          pan_hell_end]

Skill      XL: |  1  2  3  4  5  6  7  8  9 10 11 12 13 14 15 |
---------------+----------------------------------------------+-----
Shields        | 5 6 9 10 11 13 14 16 17 19 | 19.3
Long Blades    | 4 5 7 9 10 11 12 13 15 16 | 16.0
Fighting       | 4 5 8 9 10 11 13 14 16 17 | 17.9
Armour         | 4 5 8 9 10 11 13 14 16 17 | 17.8
Dodging        | 2 3 6 7 8 9 11 12 13 15 | 15.1
Invocations    | 6 8 9 10 | 10.3
Evocations     | 6 10 12 13 | 13.2
Axes           | 3 8 9 |  9.1

Action                   |  1- 3 |  4- 6 |  7- 9 | 10-12 | 13-15 || total
-------------------------+-------+-------+-------+-------+-------++-------
Melee: Long sword        |    31 |    18 |       |       |       ||    49
       Double sword      |       |     3 |    19 |   104 |   132 ||   258
Invok: Heroism           |       |       |       |     1 |       ||     1
  Use: Potion            |       |     1 |     2 |     2 |       ||     5
       Scroll            |       |       |       |     1 |       ||     1
Armor: Scale mail        |    11 |     4 |     1 |     6 |       ||    22
       Chain mail        |       |       |       |     3 |    34 ||    37
       Plate armour      |       |       |       |     2 |       ||     2
Dodge: Dodged            |     8 |     4 |     6 |    21 |    42 ||    81
Block: Kite shield       |    22 |    12 |     9 |    27 |    65 ||   135
       Rpst.: Long sword |     1 |     1 |       |       |       ||     2
       Double sword      |       |       |     1 |     6 |     5 ||    12

Table legend: (Time is in decaauts)
 A = Elapsed time spent in this place.
 B = Non-inter-level travel time spent in this place.
 C = Inter-level travel time spent in this place.
 D = Time resting spent in this place.
 E = Time spent auto-exploring this place.
 F = Levels seen in this place.
 G = Mean time per level.
                   A        B        C        D        E       F      G
               +--------+--------+--------+--------+--------+-----+--------+
         Total |   4051 |   4051 |      0 |   2575 |      0 |   1 | 4051.0 |
       Dungeon |   4051 |   4051 |      0 |   2575 |      0 |   1 | 4051.0 |
               +--------+--------+--------+--------+--------+-----+--------+

Top non-repeatable levels by time:
       D: 4051 daAuts
